AoeStats
← Ghosty4406

Fortress

509328753Analyzed
4v4 RM · 5d ago on Sep 26, 2026· 43m 19s· 8 players
Game mode
Random Map
Map size
Huge
Population
200
Speed
Normal
Resources
Standard
Victory
Conquest
Starting age
Dark Age
Ending age
Imperial Age
RankedLock teamsTeams togetherTeam positionsShared explorationLock speedFull tech treeHidden civsTurbo modeCheats
Victory
Defeat
🇹🇷 Mongols · Türkiye
1288
+12
🇩🇪 Slavs · Germany
1233
+14
🇦🇷 Goths · Argentina
1202
+16
🇩🇪 Britons · Germany
1128
+19
🇮🇳 Varangians · India
1287
-19
🇮🇳 Malians · India
1233
-17
🇮🇳 Mongols · India
1167
-14
🇮🇳 Lithuanians · India
1093
-11
ormtmc
6:30 Feudal Age
8:41 Double-Bit Axe
11:05 Castle Age
16:17 Wheelbarrow
17:56 Bloodlines
18:02 Fletching
18:15 Husbandry
19:08 Loom
19:37 Bodkin Arrow
20:46 Padded Archer Armor
20:52 Scale Barding Armor
22:48 Bow Saw
23:14 Thumb Ring
23:57 Stone Mining
23:59 Gold Mining
25:50 Ballistics
27:39 Hand Cart
30:23 Imperial Age
27:39 Town Watch
29:35 Leather Archer Armor
29:41 Chain Barding Armor
30:49 Capped Ram
33:31 Chemistry
32:33 Bracer
33:26 Conscription
34:00 Siege Ram
37:24 Drill
37:51 Masonry
40:59 Town Patrol
41:54 Gold Shaft Mining
42:59 Forging
43:40 Parthian Tactics
Panda
8:16 Feudal Age
7:15 Loom
12:35 Castle Age
11:18 Fletching
11:18 Double-Bit Axe
11:58 Padded Archer Armor
12:53 Crossbowman
18:24 Bodkin Arrow
19:27 Horse Collar
20:00 Bow Saw
22:55 Ballistics
22:41 Gold Mining
25:31 Leather Archer Armor
25:36 Heavy Plow
27:04 Yeomen
30:40 Wheelbarrow
33:49 Imperial Age
32:42 Hand Cart
34:31 Arbalester
38:52 Chemistry
38:39 Bracer
drive
8:07 Feudal Age
9:17 Double-Bit Axe
9:24 Horse Collar
12:05 Castle Age
11:19 Forging
12:21 Bloodlines
12:39 Scale Barding Armor
17:31 Loom
22:36 Gold Mining
24:51 Wheelbarrow
24:01 Town Watch
23:42 Pikeman
26:28 Scale Mail Armor
27:04 Iron Casting
31:03 Imperial Age
28:53 Hand Cart
31:27 Onager
33:57 Chemistry
32:29 Halberdier
33:12 Squires
34:16 Conscription
35:46 Chain Mail Armor
36:32 Blast Furnace
BersaS2
2:36 Loom
8:09 Feudal Age
11:53 Castle Age
9:48 Double-Bit Axe
10:05 Horse Collar
11:39 Wheelbarrow
11:28 Town Watch
14:12 Bow Saw
15:53 Heavy Plow
19:22 Gold Mining
20:42 Squires
21:16 Anarchy
22:38 Hand Cart
26:07 Imperial Age
24:07 Scale Mail Armor
24:18 Forging
26:07 Chain Mail Armor
26:28 Iron Casting
25:43 Fletching
26:18 Capped Ram
27:01 Elite Huskarl
28:45 Perfusion
31:06 Two-Man Saw
31:12 Blast Furnace
30:14 Pikeman
31:05 Halberdier
34:11 Stone Mining
41:13 Scale Barding Armor
42:05 Caravan
42:12 Man-at-Arms
Bickus Diggus
9:25 Feudal Age
10:46 Double-Bit Axe
10:43 Horse Collar
14:02 Castle Age
12:14 Gold Mining
12:15 Stone Mining
13:22 Loom
14:12 Wheelbarrow
15:32 Heavy Plow
16:04 Bow Saw
18:41 Scale Barding Armor
20:54 Chain Barding Armor
21:40 Forging
22:15 Hand Cart
22:53 Town Watch
24:19 Husbandry
24:30 Bloodlines
27:41 Imperial Age
25:54 Stone Shaft Mining
29:29 Plate Barding Armor
29:30 Iron Casting
28:31 Cavalier
28:50 Capped Ram
29:50 Padded Archer Armor
30:13 Conscription
30:36 Guilds
32:32 Paladin
41:00 Leather Archer Armor
40:36 Fletching
41:32 Elite Skirmisher
42:23 Tower Shields
42:27 Scale Mail Armor
snek_fan
6:58 Feudal Age
5:24 Loom
10:43 Castle Age
9:30 Double-Bit Axe
9:44 Horse Collar
12:39 Loom
18:27 Arson
20:02 Wheelbarrow
20:02 Squires
20:28 Forging
22:10 Scale Mail Armor
24:07 Town Watch
29:16 Imperial Age
28:51 Chain Mail Armor
32:22 Fletching
34:31 Murder Holes
35:37 Chemistry
34:33 Bodkin Arrow
36:08 Conscription
42:34 Plate Mail Armor
42:39 Iron Casting
M1CRO
8:20 Feudal Age
12:32 Castle Age
10:42 Horse Collar
10:55 Double-Bit Axe
11:38 Town Watch
12:37 Wheelbarrow
14:08 Bow Saw
14:53 Heavy Plow
17:54 Loom
19:37 Town Patrol
20:12 Hand Cart
22:48 Gold Mining
22:48 Stone Mining
29:19 Imperial Age
27:20 Bloodlines
27:11 Husbandry
27:03 Vendel Legacy
27:36 Stone Mining
28:54 Forging
28:50 Scale Barding Armor
29:13 Scale Barding Armor
30:43 Stone Shaft Mining
31:25 Two-Man Saw
30:12 Cavalier
32:26 Iron Casting
32:11 Chain Barding Armor
32:15 Conscription
34:38 Blast Furnace
35:01 Light Cavalry
36:12 Elite Jarl
36:32 Hussar
36:43 Elite Jarl
Ghosty4406
0:46 Loom
2:45 Loom
4:01 Loom
6:38 Feudal Age
11:59 Castle Age
10:05 Double-Bit Axe
10:25 Horse Collar
11:13 Fletching
11:54 Padded Archer Armor
14:35 Bodkin Arrow
16:39 Ballistics
19:55 Bow Saw
22:41 Husbandry
22:53 Bloodlines
28:50 Heavy Plow
Connection lost

Rejoining the realm…

Still unreachable

The connection could not be restored.

Session expired

The server has moved on; the page needs a fresh start.